 Dungeon Crawl Stone Soup version 0.27.1-33-g824d729ab1 (webtiles) character file.

Game seed: 28471701466751983

2097 pkoi the Ruffian (level 9, -1/64 HPs)
             Began as a White Draconian Transmuter on Dec 7, 2021.
             Was an Initiate of Vehumet.
             Slain by Maggie (5 damage)
             ... on level 6 of the Dungeon.
             The game lasted 00:10:52 (8534 turns).

pkoi the Ruffian (White Draconian Transmuter)       Turns: 8534, Time: 00:10:52

Health: -1/64      AC:  8    Str: 19    XL:     9   Next: 7%
Magic:  15/15      EV: 12    Int: 22    God:    Vehumet [......]
Gold:   227        SH:  0    Dex: 12    Spells: 12/16 levels left

rFire    . . .     SeeInvis .     - Unarmed
rCold    + . .     Faith    .   (no shield)
rNeg     . . .     Spirit   .   (armour unavailable)
rPois    .         Reflect  .   (helmet restricted)
rElec    .         Harm     .   (no cloak)
rCorr    .         Rampage  .   n - +0 pair of gloves
Will     .....                  (no boots)
Stlth    +.........             h - amulet of regeneration
HPRegen  1.20/turn              t - +6 ring of strength
MPRegen  0.14/turn              b - +6 ring of intelligence

@: short of breath, mesmerised
A: breathe frost, AC +7, unfitting armour, cold resistance 1, cold-blooded
a: Breathe Frost, Renounce Religion


You were on level 6 of the Dungeon.
You worshipped Vehumet.
Vehumet was noncommittal.
You visited 2 branches of the dungeon, and saw 7 of its levels.

You collected 227 gold pieces.

Inventory:

Hand Weapons
 o - a +3 long sword of holy wrath
Missiles
 c - 8 curare-tipped darts
 l - 9 poisoned darts
Armour
 n - a +0 pair of gloves (worn)
Jewellery
 a - a ring of wizardry
 b - a +6 ring of intelligence (right hand)
 g - an amulet of guardian spirit
 h - an amulet of regeneration (around neck)
 j - a ring of see invisible
 k - an amulet of magic regeneration
 r - a ring of protection from fire
 t - a +6 ring of strength (left hand)
Scrolls
 i - 3 scrolls of identify
 m - 4 scrolls of teleportation
 q - a scroll of enchant weapon
Potions
 e - a potion of attraction
 f - 2 potions of curing
 s - a potion of ambrosia {unknown}
 u - a potion of might {unknown}
 v - a potion of flight
 w - a potion of mutation {unknown}


   Skills:
 + Level 1.1 Fighting
 + Level 1.7 Dodging
 + Level 7.9 Unarmed Combat
 - Level 4.0 Spellcasting
 + Level 6.4 Transmutations
 + Level 7.1 Ice Magic


You had 12 spell levels left.
You knew the following spells:

 Your Spells              Type           Power      Damage    Failure   Level
b - Ice Form              Ice/Tmut       34%        N/A       7%          4

Your spell library contained the following spells:

 Spells                   Type           Power      Damage    Failure   Level
 Beastly Appendage        Tmut           64%        N/A       1%          1
 Wereblood                Tmut           32%        N/A       1%          2
 Spider Form              Tmut/Pois      9%         N/A       9%          3
 Stone Arrow              Conj/Erth      8%         3d7       32%         3
 Lehudib's Crystal Spear  Conj/Erth      2%         10d2      100%        8
 Animate Armour           Summ/Erth      Unusable   N/A       N/A         4

Dungeon Overview and Level Annotations

Branches:
Dungeon (6/15)             Temple (1/1) D:6

Altars:
Ashenzari
Cheibriados
Dithmenos
Elyvilon
Fedhas
Gozag
Hepliaklqana
Kikubaaqudgha
Makhleb
Nemelex Xobeh
Okawaru
Qazlal
Ru
Sif Muna
Trog
Uskayaw
Vehumet
Wu Jian
Xom
Yredelemnul
The Shining One

Annotations:
D:3 1 runed translucent door, Crazy Yiuf
D:6 Maggie


Innate Abilities, Weirdness & Mutations

You can breathe waves of freezing cold which knock back foes.
Your icy white scales are hard. (AC +7)
You cannot fit into any form of body armour.
Your flesh is cold resistant. (rC+)
You are cold-blooded and may be slowed by cold attacks.


Message History

Maggie is heavily wounded.
Maggie closely misses you.
You barely miss Maggie.
Maggie is heavily wounded.
You hit Maggie.
Your tail-slap misses Maggie.
Maggie is severely wounded.
Maggie hits you with a +2 war axe of flaming.
Maggie burns you.
You barely miss Maggie.
Maggie is severely wounded.
Maggie hits you with a +2 war axe of flaming!
Maggie burns you.
You hit Maggie.
Maggie is severely wounded.
Maggie hits you with a +2 war axe of flaming!
Maggie burns you.
* * * LOW HITPOINT WARNING * * *
You hit Maggie.
Maggie is severely wounded.
Maggie gestures wildly while chanting.
Maggie draws you further into her thrall.
You closely miss Maggie.
Maggie is severely wounded.
Maggie hits you with a +2 war axe of flaming.
* * * LOW HITPOINT WARNING * * *
Maggie burns you.
* * * LOW HITPOINT WARNING * * *
You hit Maggie but do no damage. You tail-slap Maggie, but do no damage.
Maggie is severely wounded.
Maggie gestures at you while chanting. The bolt of fire hits you!
* * * LOW HITPOINT WARNING * * *
You hit Maggie.
Maggie is severely wounded.
You punch Maggie!
Maggie is almost dead.
Maggie hits you with a +2 war axe of flaming!
* * * LOW HITPOINT WARNING * * *
Maggie burns you.
You die...

...............##....,,,,***
................#....,,,,,,*
.....................,,,,,,*
#.....##....##.....,,,,*<,**
........#.........##,,*****
.........#.........,,,*
..................#.,**
#...............@##,*###
#...............@.###..#
....###................#
....# #.....#.........##
...## ##..............#
....# #..............##
....####...[...##.....###
.##..#.#..##............##
....##......#............#
...........####..........#


You could see Maggie (mesmerising).

Vanquished Creatures
  Pikel (D:3)
  Grinder (D:4)
  A hornet zombie (D:5)
  An ice beast (D:5)
  An orc warrior (D:6)
  A black bear (D:5)
  A necrophage (D:6)
  A centaur (D:5)
  2 ogres
  A phantom (D:6)
  A kobold brigand (D:6)
  A bullfrog (D:4)
  A bullfrog zombie (D:5)
  A hound (D:6)
  A jelly (D:4)
  A bullfrog skeleton (D:6)
  Jessica (D:3)
  5 iguanas
  3 orc wizards
  A hound zombie (D:5)
  5 adders
  4 gnolls
  A shadow imp (D:6)
  A white imp (D:5)
  2 worms
  2 dart slugs
  11 orcs
  6 endoplasms
  2 giant cockroaches
  5 goblins
  8 hobgoblins
  13 jackals
  2 quokkas (D:2)
  10 ball pythons
  3 bats
  3 frilled lizards (D:1)
  14 kobolds
  2 rats
121 creatures vanquished.

Vanquished Creatures (others)
  A quokka (D:5)
1 creature vanquished.

Grand Total: 122 creatures vanquished

Notes
Turn   | Place    | Note
-------+----------+-------------------------------------------
     0 | D:1      | pkoi the Draconian Transmuter began the quest for the Orb.
     0 | D:1      | Reached XP level 1. HP: 16/16 MP: 3/3
   409 | D:1      | Reached XP level 2. HP: 23/23 MP: 5/5
   675 | D:1      | Found a faded altar of an unknown god.
  1614 | D:2      | Reached XP level 3. HP: 26/28 MP: 6/6
  2338 | D:2      | Reached XP level 4. HP: 19/35 MP: 7/7
  2589 | D:2      | Reached skill level 5 in Unarmed Combat
  2825 | D:2      | Learned a level 4 spell: Ice Form
  3783 | D:3      | Found a runed translucent door.
  3784 | D:3      | Noticed Crazy Yiuf
  3831 | D:3      | Noticed Jessica
  3839 | D:3      | Killed Jessica
  3991 | D:3      | Reached skill level 1 in Ice Magic
  4192 | D:3      | Reached XP level 5. HP: 6/40 MP: 8/8
  4711 | D:3      | Found a sacrificial altar of Ru.
  4734 | D:3      | Became a worshipper of Ru the Awakened
  5341 | D:4      | Noticed an ogre
  5379 | D:3      | Killed an ogre
  5380 | D:3      | Reached XP level 6. HP: 9/47 MP: 9/9
  5698 | D:4      | Noticed Pikel
  5828 | D:4      | Noticed Grinder
  5835 | D:4      | Paralysed by Grinder for 3 turns
  5840 | D:4      | Killed Grinder
  5841 | D:4      | Your scales start taking on an icy white colour.
  5841 | D:4      | Reached XP level 7. HP: 35/52 MP: 10/10
  5841 | D:4      | Gained mutation: Your flesh is cold resistant. (rC+) [White
                  | Draconian growth]
  6086 | D:3      | Killed Pikel
  6087 | D:3      | Reached skill level 5 in Transmutations
  6087 | D:3      | Reached skill level 5 in Ice Magic
  6087 | D:3      | Reached XP level 8. HP: 42/59 MP: 6/12
  6341 | D:4      | Found a hide-covered altar of Uskayaw.
  6699 | D:5      | Entered Level 5 of the Dungeon
  7066 | D:5      | Found an ancient bone altar of Kikubaaqudgha.
  7882 | D:6      | Found a staircase to the Ecumenical Temple.
  8055 | D:6      | Noticed Maggie
  8099 | Temple   | Entered the Ecumenical Temple
  8312 | Temple   | Fell from the grace of Ru
  8312 | Temple   | Became a worshipper of Vehumet
  8400 | D:6      | Reached XP level 9. HP: 39/64 MP: 10/15
  8534 | D:6      | Slain by Maggie

Illustrated notes

Levels and vault maps discovered:
D:1:      dpeg_arrival_pits, layout_basic, shapermc_ecumenical_altar_venn,
          serial_bayou_pond_b, st_stairs_1
D:2:      layout_basic
D:3:      layout_basic, mainiacjoe_overflow_catwalk, chequers_jeans,
          uniq_jessica, uniq_crazy_yiuf_cottage
D:4:      layout_gridville, kennysheep_mini_moat, kennysheep_donut,
          roderic_lattice_a, minmay_box_of_dots, uniq_pikel, uniq_grinder
D:5:      layout_cave_pods, nicolae_kikubaaqudgha_miasma_corner, serial_glass,
          glass_columns_c, glass_columns_b, glass_columns_b, glass_columns_a,
          glass_columns_a, glass_columns_b, glass_columns_b, glass_columns_a
D:6:      layout_cave_pools, minmay_temple_entry_junction, uniq_maggie
Temple:   hc_temple_tempest_star

Skill      XL: |  1  2  3  4  5  6  7  8  9 |
---------------+----------------------------+-----
Unarmed Combat | 4 5 6 7 |  7.9
Ice Magic      | 1 2 4 5 6 7 |  7.1
Transmutations | 3 4 5 6 |  6.4
Spellcasting   | 3 4 |  4.0
Fighting       | |  1.1
Dodging        | |  1.7

Action                   |  1- 3 |  4- 6 |  7- 9 || total
-------------------------+-------+-------+-------++-------
Melee: Unarmed           |   117 |   231 |   203 ||   551
       Tailslap          |    15 |    22 |    14 ||    51
       Punch             |       |     8 |     6 ||    14
       Long sword        |       |     4 |    14 ||    18
 Cast: Ice Form          |       |       |     4 ||     4
Invok: Reject Sacrifices |       |       |     1 ||     1
 Abil: Breathe Frost     |       |       |     1 ||     1
  Use: Scroll            |       |       |    10 ||    10
       Potion            |       |       |     3 ||     3
 Stab: Sleeping          |       |     1 |       ||     1
Armor: Skin              |    34 |    69 |    94 ||   197
Dodge: Dodged            |    79 |   155 |   141 ||   375
       Rpst.: Long sword |       |       |     1 ||     1
